AoeStats
← JoTa

Arabia

509455928Analyzed
2v2 RM · 4d ago on Sep 26, 2026· 32m 4s· 4 players
Game mode
Random Map
Map size
Medium (4 player)
Population
200
Speed
Normal
Resources
Standard
Victory
Conquest
Starting age
Dark Age
Ending age
Imperial Age
RankedLock teamsTeams togetherTeam positionsShared explorationLock speedFull tech treeHidden civsTurbo modeCheats
Victory
Defeat
🇦🇷 Aztecs · Argentina
674
+17
🇦🇷 Burgundians · Argentina
617
+20
🇳🇱 Britons · Netherlands
728
-20
🇺🇸 Romans · United States
668
-17
JoTa
12:20 Feudal Age
10:37 Loom
10:52 Double-Bit Axe
13:12 Bow Saw
15:53 Gold Mining
19:18 Gold Shaft Mining
20:48 Castle Age
18:34 Horse Collar
21:18 Heavy Plow
25:45 Two-Man Saw
30:38 Husbandry
31:31 Scale Barding Armor
31:37 Forging
Mainisquiano
10:53 Feudal Age
12:36 Loom
13:18 Double-Bit Axe
13:14 Man-at-Arms
15:36 Forging
15:20 Arson
17:00 Horse Collar
18:05 Gold Mining
18:28 Scale Mail Armor
24:16 Castle Age
22:02 Town Watch
24:19 Wheelbarrow
24:35 Eagle Warrior
25:16 Squires
25:02 Gambesons
24:40 Long Swordsman
26:33 Iron Casting
30:44 Chain Mail Armor
INTER6636
0:32 Loom
12:53 Feudal Age
30:19 Castle Age
Dutchbugs
9:37 Feudal Age
10:12 Horse Collar
10:23 Double-Bit Axe
16:36 Castle Age
17:15 Loom
17:50 Fletching
18:07 Horse Collar
19:28 Gold Mining
21:47 Heavy Plow
23:11 Crossbowman
26:28 Bodkin Arrow
26:33 Padded Archer Armor
31:34 Imperial Age
28:50 Pikeman
31:45 Arbalester
Connection lost

Rejoining the realm…

Still unreachable

The connection could not be restored.

Session expired

The server has moved on; the page needs a fresh start.